Map: Terraform LE (Void)

Players

Stannis - Winner!

  • Race: Zerg Zerg
  • League: Diamond

omegabanana

  • Race: Protoss Protoss
  • League: Diamond

VOD

Have the link to the VOD?

Description

I opened with speed and went straight to ravagers since I saw sentries and expected the adept+sentry timing at my third. From there I do a counter attack at his third and start transitioning into hydras and eventually vipers.

Be warned that I made lots of mistakes later on in this game. I had bad map awareness when his army was pushing my 4th and I also lost all my vipers for free from not paying attention. I think I did a decent job handling the warp prism harass, and overall this game shows how zerg doesn't always have to be ahead on econ, as long as you're trading cost efficiently.

Time

  • Played on: Sept. 17, 2015, 10:36 p.m.
  • Length: 14:11
Show
View Real Time Build Order
Export as new Build Order

Stannis Zerg - Winner!

Build Orders: 3 Hatch before Pool 

Get SALT Encoding   

  12  0:01  Drone  
  13  0:12  Overlord  
  13  0:17  Drone  
  14  0:31  Drone x2  
  16  0:36  Drone  
  17  0:52  Hatchery  
  16  0:58  Drone x2  
  18  1:06  Drone  
  19  1:27  Hatchery  
  18  1:33  Spawning Pool  
  18  1:35  Extractor  
  18  1:38  Drone  
  17  1:42  Drone  
  17  1:44  Drone  
  19  1:52  Overlord  
  19  2:02  Drone  
  19  2:05  Drone  
  21  2:14  Drone  
  22  2:20  Queen x2  
  26  2:23  Zergling x2  
  26  2:28  Drone  
  26  2:29  Drone  
  29  2:38  Metabolic Boost  
  29  2:43  Queen  
  31  2:45  Drone  
  32  2:54  Zergling x6  
  35  3:00  Queen  
  35  3:04  Overlord  
  37  3:07  Drone  
  39  3:12  Drone  
  39  3:13  Drone x2  
  41  3:23  Queen  
  41  3:26  Zergling x6  
  43  3:48  Drone x6  
  49  3:57  Overlord  
  49  4:00  Roach Warren  
  48  4:04  Extractor  
  48  4:08  Drone x2  
  49  4:23  Drone x7  
  55  4:27  Drone x4  
  55  4:29  Overlord x3  
  56  4:37  Overlord x2  
  55  4:40  Overlord  
  55  4:53  Roach x6  
  67  5:03  Lair  
  67  5:05  Evolution Chamber  
  67  5:06  Drone  
  70  5:07  Drone x4  
  70  5:08  Drone  
  70  5:11  Extractor  
  70  5:12  Extractor  
  70  5:13  Drone x2  
  72  5:20  Ravager x3  
  75  5:31  Drone x2  
  75  5:32  Overlord x2  
  75  5:33  Drone x2  
  75  5:34  Drone x3  
  83  5:35  Ravager  
  83  5:46  Ravager  
  84  5:50  Zergling x26  
  84  5:54  Queen  
  94  6:07  Zerg Missile Weapons Level 1, Glial Reconstitution  
  94  6:09  Zergling x18  
  98  6:19  Zergling x8  
  102  6:30  Zergling x2  
  102  6:31  Zergling x14  
  110  6:33  Hatchery  
  109  6:41  Queen  
  109  6:46  Extractor  
  106  6:47  Extractor  
  106  6:48  Hydralisk Den  
  77  7:18  Roach x14  
  77  7:20  Muscular Augments  
  90  7:40  Drone x6  
  96  7:45  Ravager x5  
  96  7:48  Hydralisk x2  
  105  7:55  Hydralisk x7  
  119  7:58  Zergling x2  
  119  7:59  Zergling x12  
  126  8:11  Zerg Missile Weapons Level 2  
  126  8:13  Overlord x3, Infestation Pit  
  126  8:17  Zergling x4  
  127  8:22  Overseer  
  127  8:30  Zergling x2  
  127  8:32  Overlord x2  
  125  8:45  Hydralisk x9  
  135  8:56  Roach  
  135  8:57  Roach x4  
  140  9:07  Drone x3  
  140  9:23  Hydralisk  
  140  9:24  Hydralisk x6  
  140  9:28  Queen  
  140  9:29  Drone  
  157  9:45  Zergling x2  
  157  9:46  Zergling x20  
  157  9:51  Hive  
  167  10:07  Overseer  
  167  10:10  Overlord x3, Zergling x2  
  167  10:11  Overlord  
  167  10:13  Overseer  
  166  10:20  Overseer  
  157  10:28  Drone x3  
  157  10:29  Drone x3  
  161  10:36  Overseer  
  153  10:50  Drone x2  
  153  10:51  Drone x3  
  138  10:59  Spore Crawler, Spine Crawler  
  130  11:07  Viper x2  
  130  11:08  Viper x3  
  146  11:29  Hydralisk x5  
  154  11:39  Hatchery  
  151  12:04  Spine Crawler  
  151  12:05  Spine Crawler  
  151  12:07  Spine Crawler  
  148  12:12  Roach x2  
  148  12:13  Roach x12  
  176  12:28  Hydralisk x4  
  184  12:30  Overlord  
  184  12:31  Overlord  
  162  12:47  Roach x3  
  162  12:48  Roach x2  
  147  13:02  Hydralisk x7  
  143  13:16  Pneumatized Carapace  
  143  13:18  Roach  
  143  13:19  Roach x4  
  145  13:26  Viper x2  
  133  13:44  Hydralisk x4  
  141  13:52  Ravager  
  141  13:53  Ravager x2  
Show
View Real Time Build Order
Export as new Build Order

omegabanana Protoss 

Build Orders: 1 Gate Expand 

Get SALT Encoding   

  12  0:00  Probe (Chrono Boost)  
  13  0:10  Probe (Chrono Boost)  
  14  0:18  Pylon  
  14  0:20  Probe (Chrono Boost)  
  15  0:36  Probe (Chrono Boost)  
  15  0:38  Gateway  
  16  0:46  Probe (Chrono Boost)  
  16  0:48  Assimilator  
  17  0:56  Probe (Chrono Boost)  
  18  1:06  Probe (Chrono Boost)  
  19  1:16  Probe (Chrono Boost)  
  20  1:25  Cybernetics Core  
  20  1:32  Nexus  
  20  1:42  Pylon  
  20  1:45  Assimilator  
  20  1:46  Probe (Chrono Boost)  
  21  1:56  Probe (Chrono Boost)  
  22  2:01  Adept (Chrono Boost)  
  22  2:04  Warp Gate  
  22  2:07  Probe  
  25  2:19  Mothership Core  
  27  2:24  Adept (Chrono Boost)  
  29  2:39  Probe (Chrono Boost)  
  29  2:44  Probe (Chrono Boost)  
  30  2:49  Sentry  
  30  2:50  Probe (Chrono Boost)  
  34  2:54  Probe (Chrono Boost)  
  35  3:00  Probe (Chrono Boost)  
  35  3:03  Gateway  
  35  3:04  Probe (Chrono Boost), Gateway  
  37  3:11  Probe (Chrono Boost)  
  37  3:12  Pylon  
  38  3:15  Sentry, Probe (Chrono Boost)  
  41  3:21  Probe (Chrono Boost)  
  41  3:26  Probe (Chrono Boost)  
  43  3:38  Probe (Chrono Boost)  
  43  3:39  Probe (Chrono Boost)  
  43  3:48  Probe x2 (Chrono Boost)  
  43  3:51  Nexus  
  43  3:54  Pylon  
  45  4:01  Probe (Chrono Boost), Forge  
  46  4:08  Probe (Chrono Boost)  
  47  4:10  Sentry x2  
  47  4:11  Probe (Chrono Boost)  
  52  4:18  Probe (Chrono Boost)  
  52  4:21  Adept  
  52  4:22  Probe (Chrono Boost)  
  52  4:24  Assimilator  
  52  4:30  Assimilator  
  52  4:33  Robotics Facility  
  52  4:35  Probe (Chrono Boost), Pylon  
  52  4:36  Protoss Ground Armor Level 1  
  53  4:39  Probe (Chrono Boost)  
  53  4:41  Sentry  
  53  4:42  Adept  
  53  4:45  Probe (Chrono Boost)  
  58  4:49  Probe (Chrono Boost)  
  60  4:53  Pylon  
  60  4:57  Twilight Council, Probe (Chrono Boost)  
  61  5:05  Probe (Chrono Boost)  
  62  5:07  Adept x2  
  62  5:09  Sentry  
  62  5:10  Probe (Chrono Boost)  
  62  5:14  Probe (Chrono Boost)  
  69  5:15  Probe (Chrono Boost)  
  69  5:20  Probe (Chrono Boost), Observer  
  73  5:21  Photon Cannon  
  74  5:29  Gateway  
  74  5:30  Probe x2 (Chrono Boost)  
  74  5:33  Gateway  
  75  5:40  Probe (Chrono Boost), Pylon  
  75  5:42  Probe (Chrono Boost)  
  77  5:46  Immortal  
  81  5:53  Probe (Chrono Boost)  
  81  5:54  Adept  
  81  5:55  Sentry  
  81  5:56  Sentry, Probe (Chrono Boost)  
  88  6:03  Probe (Chrono Boost)  
  88  6:15  Probe (Chrono Boost)  
  88  6:18  Probe (Chrono Boost)  
  81  6:21  Gateway  
  81  6:22  Gateway  
  81  6:24  Warp Prism  
  81  6:25  Gateway  
  84  6:27  Gateway  
  84  6:28  Gateway  
  84  6:30  Stalker x2  
  84  6:31  Stalker, Shield Upgrade  
  90  6:33  Protoss Ground Weapons Level 1  
  90  6:35  Probe (Chrono Boost)  
  90  6:36  Probe (Chrono Boost)  
  91  6:40  Probe (Chrono Boost)  
  83  6:54  Stalker  
  83  6:55  Stalker x2, Adept  
  80  7:01  Adept  
  80  7:04  Immortal  
  80  7:05  Probe (Chrono Boost)  
  71  7:17  Adept, Blink  
  71  7:18  Adept x3  
  71  7:20  Probe x3 (Chrono Boost)  
  75  7:25  Assimilator  
  75  7:27  Stalker, Pylon, Assimilator  
  75  7:30  Probe (Chrono Boost)  
  75  7:31  Probe (Chrono Boost)  
  75  7:32  Photon Cannon  
  77  7:39  Probe (Chrono Boost)  
  77  7:42  Sentry x3, Pylon  
  77  7:44  Probe x2 (Chrono Boost)  
  84  7:49  Probe (Chrono Boost)  
  84  7:50  Immortal (Chrono Boost)  
  87  7:54  Probe (Chrono Boost)  
  87  7:57  Probe  
  93  7:59  Stalker x2  
  93  8:05  Stalker x2  
  101  8:09  Probe  
  102  8:14  Pylon  
  102  8:15  Pylon  
  102  8:16  Pylon  
  102  8:24  Adept  
  102  8:25  Adept, Dark Shrine  
  106  8:43  Protoss Ground Weapons Level 2  
  106  8:46  Adept  
  106  8:47  Adept  
  106  8:48  Zealot x5  
  102  8:49  Zealot x2  
  114  8:59  Probe  
  114  9:02  Immortal (Chrono Boost)  
  115  9:09  Nexus  
  115  9:10  Templar Archives  
  107  9:18  Sentry  
  107  9:19  Sentry, Adept x3  
  107  9:21  Stalker  
  113  9:29  Pylon  
  113  9:31  Stalker x2, Psionic Storm  
  117  9:34  Immortal (Chrono Boost)  
  121  9:50  Adept  
  123  9:53  Adept x3  
  126  10:02  Dark Templar x3  
  126  10:04  Zealot  
  126  10:05  Zealot  
  128  10:25  Pylon  
  128  10:27  Pylon x2  
  125  10:28  Pylon  
  125  10:32  Pylon  
  117  10:46  Immortal  
  117  10:50  Probe, Nexus  
  117  10:56  High Templar  
  118  11:02  Pylon  
  118  11:04  Pylon x2  
  110  11:05  Stalker x2  
  110  11:11  High Templar x3  
  117  11:33  Dark Templar  
  117  11:34  Dark Templar, Pylon  
  117  11:38  High Templar  
  119  11:48  Probe  
  120  11:56  Stalker x2  
  120  11:59  Adept  
  126  12:02  Nexus  
  126  12:08  Assimilator  
  126  12:11  Assimilator  
  126  12:14  Pylon  
  126  12:19  Dark Templar  
  128  12:29  Adept x4  
  110  13:00  Immortal  
  110  13:05  Stalker x7  
  98  13:29  Stalker x7  
  95  13:46  Assimilator  
  95  13:48  Assimilator  
  95  13:57  Stalker x3  
  95  13:59  Sentry, Nexus  
Tags
 
Add a new tag
Caveats
  • Supply blocks, unpowered buildings, or Contaminate may cause inaccurate times.
  • Supply counts are checked every 10 seconds.